[Event "Titled Tuesday Blitz May 24 Late 2022"]
[White "Proudian, Armen"]
[Black "Lopez Idarraga, Daniel Eduardo"]
[WhiteFideId "2130734"]
[BlackFideId "4405501"]
[WhiteElo "2380"]
[BlackElo "2059"]
[Result "1-0"]
[Round "05"]
[TimeControl "180+1"]
[Date "2022.05.25"]
[WhiteClock "0:00:42"]
[BlackClock "0:00:32"]

1. e4 e6 2. d4 d5 3. exd5 exd5 4. Bd3 Bd6 5. Qf3 Ne7 6. Ne2 c6 7. Bf4 Bxf4 8. Nxf4 O-O 9. Nd2 Bf5 10. O-O-O Bxd3 11. Nxd3 Nd7 12. h4 Re8 13. h5 h6 14. g4 Nc8 15. Rhg1 Qg5 16. Qg3 Qf6 17. f4 Qxd4 18. g5 hxg5 19. Qxg5 Qf6 20. Qg4 Nf8 21. Rg2 Nd6 22. Rdg1 Nf5 23. Ne5 Rad8 24. Ndf3 Ne6 25. Ng5 Nxg5 26. Qxg5 Qxg5 27. Rxg5 Nd4 28. Rxg7+ 1-0


[Site "https://www.chess.com"]

[Event "Titled Tuesday Blitz May 24 Late 2022"]
[White "Przybylski, Wojciech"]
[Black "Shapiro, Daniel"]
[WhiteFideId "1117599"]
[BlackFideId "2001780"]
[WhiteElo "2133"]
[BlackElo "2266"]
[Result "1-0"]
[Round "05"]
[TimeControl "180+1"]
[Date "2022.05.25"]
[WhiteClock "0:01:26"]
[BlackClock "0:00:12"]

1. e4 c5 2. Nf3 e6 3. d4 cxd4 4. Nxd4 a6 5. Bd3 g6 6. h4 Bg7 7. c3 e5 8. Nc2 d5 9. exd5 Qxd5 10. Ne3 Qc6 11. h5 Be6 12. hxg6 hxg6 13. Rxh8 Bxh8 14. Nd2 Nd7 15. Qf3 Qxf3 16. Nxf3 f6 17. Bxg6+ Kd8 18. Be4 Kc7 19. Nd5+ Bxd5 20. Bxd5 Ne7 21. Bc4 b5 22. Bb3 Nc5 23. Be3 Nd3+ 24. Ke2 Nxb2 25. Bc5 Nc6 26. Rh1 Na5 27. Bd5 Rd8 28. Be4 Nac4 29. Rh7+ Kb8 30. Ba7+ 1-0


[Site "https://www.chess.com"]

[Event "Titled Tuesday Blitz May 24 Late 2022"]
[White "Redor, Menandro"]
[Black "Krstulovic, Alex"]
[WhiteFideId "5222010"]
[BlackFideId "760056"]
[WhiteElo "1986"]
[BlackElo "2193"]
[Result "0-1"]
[Round "05"]
[TimeControl "180+1"]
[Date "2022.05.25"]
[WhiteClock "0:00:10"]
[BlackClock "0:00:05"]

1. d4 Nf6 2. Bf4 d5 3. Nd2 c5 4. e3 Nc6 5. c3 e6 6. Ngf3 cxd4 7. exd4 Nh5 8. Bg3 Bd6 9. Bd3 Nf4 10. Bxf4 Bxf4 11. Qe2 O-O 12. O-O f6 13. Rad1 e5 14. dxe5 fxe5 15. Bc2 Bg4 16. h3 Bh5 17. g4 Qc8 18. gxh5 Qxh3 19. Qd3 e4 20. Qxd5+ Kh8 21. Qxe4 Qg4+ 22. Kh1 Qxh5+ 23. Kg1 Qg4+ 24. Kh1 Qh3+ 25. Kg1 Rf6 26. Qxh7+ Qxh7 27. Bxh7 Kxh7 28. Rfe1 Raf8 29. Ne4 Rg6+ 30. Kf1 Ne5 31. Nxe5 Bxe5 32. Rd5 Bc7 33. Rh5+ Kg8 34. Rg5 Rh6 35. Re3 Bf4 36. Rd3 Bxg5 37. Nxg5 Rh2 38. Ne4 Rh1+ 39. Kg2 Rb1 40. b4 Rb2 41. a4 a6 42. Rd7 Rc2 43. Rxb7 Rf4 44. Re7 Rf7 45. Rxf7 Kxf7 46. b5 axb5 47. axb5 Rb2 48. c4 Ke6 49. Kf3 Ke5 50. Ng5 Rb3+ 51. Kg4 Rb4 52. f4+ Kf6 53. Ne4+ Ke7 54. Nc3 Rxc4 55. Nd5+ Kd6 56. Ne3 Rb4 57. Nf5+ Ke6 58. Nxg7+ Kf7 59. Nf5 Kf6 60. Nd6 Rd4 61. b6 Rxd6 62. b7 Rb6 63. f5 Rxb7 64. Kh5 Rb4 65. Kh6 Rh4# 0-1


[Site "https://www.chess.com"]

[Event "Titled Tuesday Blitz May 24 Late 2022"]
[White "Riehle, Marco"]
[Black "Adewumi, Tanitoluwa"]
[WhiteFideId "12904392"]
[BlackFideId "30966396"]
[WhiteElo "2462"]
[BlackElo "2518"]
[Result "1-0"]
[Round "05"]
[TimeControl "180+1"]
[Date "2022.05.25"]
[WhiteClock "0:01:30"]
[BlackClock "0:00:01"]

1. e4 c5 2. a3 g6 3. h4 h5 4. Nc3 Bg7 5. Bc4 Nc6 6. d3 d6 7. Nf3 Nf6 8. Bg5 Bg4 9. Qd2 a6 10. O-O-O Bxf3 11. gxf3 Ne5 12. f4 Nxc4 13. dxc4 O-O 14. f5 Qc8 15. Rhg1 Nxe4 16. Nxe4 Qxf5 17. Nc3 Rae8 18. Rde1 Kh7 19. Bxe7 Rg8 20. Bg5 Bd4 21. Be3 Be5 22. Nd5 Re6 23. Rg5 Qh3 24. Reg1 Qxh4 25. f4 Bh8 26. f5 Rxe3 27. Nxe3 Bf6 28. fxg6+ fxg6 29. R5g2 Bd4 30. Rf1 Re8 31. Nd5 Bg7 32. b3 Kh8 33. Rxg6 Qe4 34. Rh6+ Bxh6 35. Qxh6+ Qh7 36. Qxh7+ 1-0


[Site "https://www.chess.com"]

[Event "Titled Tuesday Blitz May 24 Late 2022"]
[White "Riff, Vincent"]
[Black "Baches Garcia, Guillermo"]
[WhiteFideId "617776"]
[BlackFideId "2209764"]
[WhiteElo "2377"]
[BlackElo "2470"]
[Result "1-0"]
[Round "05"]
[TimeControl "180+1"]
[Date "2022.05.25"]
[WhiteClock "0:01:41"]
[BlackClock "0:00:11"]

1. e4 c5 2. Nc3 d6 3. Nf3 Nf6 4. d4 cxd4 5. Nxd4 Nc6 6. Nd5 e6 7. Nxf6+ Qxf6 8. Nb5 Qd8 9. Bf4 e5 10. Be3 Be7 11. Be2 O-O 12. O-O Be6 13. c4 a6 14. Nc3 Bg5 15. Qd2 h6 16. Rfd1 Nd4 17. Bf1 Rc8 18. b3 f5 19. exf5 Bxf5 20. Ne2 Nc2 21. Bxg5 Qxg5 22. Rac1 b5 23. Rxc2 Bxc2 24. Qxc2 bxc4 25. bxc4 Rf6 26. Ng3 Rf4 27. Rxd6 Qe7 28. Rd2 Rcf8 29. c5 Qa7 30. h3 Rd4 31. Rxd4 exd4 32. Qc4+ 1-0


[Site "https://www.chess.com"]

[Event "Titled Tuesday Blitz May 24 Late 2022"]
[White "Rios Escobar, Adan"]
[Black "Antonio, Jorge Carlos"]
[WhiteFideId "3403645"]
[BlackFideId "113190"]
[WhiteElo "2438"]
[BlackElo "2247"]
[Result "0-1"]
[Round "05"]
[TimeControl "180+1"]
[Date "2022.05.25"]
[WhiteClock "0:00:01"]
[BlackClock "0:00:07"]

1. d4 d5 2. Nf3 c6 3. g3 Nf6 4. c4 g6 5. Bg2 Bg7 6. Qb3 a5 7. Nc3 a4 8. Nxa4 dxc4 9. Qd1 Qa5+ 10. Nc3 Ne4 11. Bd2 Nxd2 12. Qxd2 O-O 13. O-O Na6 14. Rfd1 Rd8 15. Qe3 Be6 16. Ne5 Nb4 17. Rac1 Bd5 18. Bh3 e6 19. a3 Na6 20. Ne4 Bxe4 21. Qxe4 Qd5 22. Qf4 Bxe5 23. dxe5 Qb5 24. Qf6 Rd5 25. e4 Rd3 26. Bf1 Rxd1 27. Rxd1 Nc5 28. h4 Nd3 29. h5 Qxe5 30. Qxe5 Nxe5 31. f4 Ng4 32. hxg6 hxg6 33. Bxc4 Ne3 34. Rc1 Ra4 35. Bd3 Rd4 36. Bb1 Rd2 37. b3 Rg2+ 38. Kh1 Rxg3 39. e5 Rf3 40. Bd3 Rxf4 41. Re1 Nd5 42. Bc4 Rf3 43. a4 Rc3 44. a5 Kf8 0-1


[Site "https://www.chess.com"]

[Event "Titled Tuesday Blitz May 24 Late 2022"]
[White "Ronka, Erik"]
[Black "Korchmar, Vasiliy"]
[WhiteFideId "505080"]
[BlackFideId "24131750"]
[WhiteElo "2264"]
[BlackElo "2370"]
[Result "1-0"]
[Round "05"]
[TimeControl "180+1"]
[Date "2022.05.25"]
[WhiteClock "0:00:18"]
[BlackClock "0:01:09"]

1. e4 c5 2. Nf3 e6 3. d4 cxd4 4. Nxd4 d6 5. Nc3 Nf6 6. g4 Be7 7. g5 Nfd7 8. h4 O-O 9. Be3 Nc6 10. Qe2 Nxd4 11. Bxd4 b5 12. Nxb5 Ba6 13. Qd2 e5 14. Be3 Rb8 15. Nxa7 Bxf1 16. Nc6 Qe8 17. Nxb8 Bg2 18. Rg1 Bxe4 19. Nxd7 Qxd7 20. c4 Bf3 21. Rg3 e4 22. Rxf3 exf3 23. O-O-O d5 24. Qxd5 Qa4 25. a3 Rd8 26. Qxd8+ Bxd8 27. Rxd8+ Qe8 28. Rxe8# 1-0


[Site "https://www.chess.com"]

[Event "Titled Tuesday Blitz May 24 Late 2022"]
[White "Roque Sola, Gisela"]
[Black "Gross, Nicholas"]
[WhiteFideId "5120241"]
[BlackFideId "30921961"]
[WhiteElo "1863"]
[BlackElo "1958"]
[Result "1/2-1/2"]
[Round "05"]
[TimeControl "180+1"]
[Date "2022.05.25"]
[WhiteClock "0:00:12"]
[BlackClock "0:00:12"]

1. e4 c5 2. Nf3 d6 3. d4 cxd4 4. Nxd4 Nf6 5. Nc3 g6 6. Bc4 Bg7 7. Be3 O-O 8. f3 Nc6 9. Bb3 Qa5 10. Qd2 Nxd4 11. Bxd4 Be6 12. Nd5 Qxd2+ 13. Kxd2 Bxd5 14. exd5 Nd7 15. Bxg7 Kxg7 16. Rhe1 Kf6 17. c3 b5 18. Re4 Rfc8 19. Rae1 Re8 20. Rf4+ Kg7 21. Rfe4 Kf6 22. Rf4+ Kg7 23. Rfe4 Kf8 24. a4 Nc5 25. Rb4 Rab8 26. axb5 a5 27. bxa6 Nxb3+ 28. Kc2 Nc5 29. Ra1 Ra8 30. Rb6 Ra7 31. b4 Nd7 32. Rc6 Rb8 33. Kb3 Ke8 34. c4 Kd8 35. Kc3 Ne5 36. b5 Nxc6 37. dxc6 Kc7 38. Kb4 Kb6 39. Re1 Rc8 40. Re4 h5 41. h4 Rb8 42. Rf4 Rf8 43. g4 hxg4 44. fxg4 f6 45. g5 f5 46. Rf1 Rh8 47. Re1 Rxh4 48. Re6 d5 49. c7+ Kxc7 50. b6+ Kb8 51. bxa7+ Kxa7 52. Rxe7+ Kxa6 53. Re6+ Kb7 54. Rxg6 Rxc4+ 55. Kb3 Rg4 56. Rd6 Rxg5 57. Rxd5 Kc6 58. Rd8 f4 59. Kc3 Rf5 60. Kd2 Re5 61. Rf8 Re4 62. Kd3 Ra4 63. Rd8 Kc7 64. Rd4 Ra3+ 65. Ke2 f3+ 66. Kf2 Kc6 67. Rf4 Kd5 68. Rxf3 Rxf3+ 69. Kxf3 1/2-1/2


[Site "https://www.chess.com"]

[Event "Titled Tuesday Blitz May 24 Late 2022"]
[White "Rustemov, Alexander"]
[Black "Andreikin, Dmitry"]
[WhiteFideId "4119002"]
[BlackFideId "4158814"]
[WhiteElo "2853"]
[BlackElo "2736"]
[Result "0-1"]
[Round "05"]
[TimeControl "180+1"]
[Date "2022.05.24"]
[WhiteClock "0:00:02"]
[BlackClock "0:00:15"]

1. d4 Nf6 2. c4 e6 3. Nf3 d5 4. Nc3 dxc4 5. e4 Bb4 6. Bg5 h6 7. Bxf6 Qxf6 8. Bxc4 O-O 9. O-O c5 10. e5 Qe7 11. d5 Bxc3 12. d6 Qd8 13. bxc3 b6 14. Qe2 Bb7 15. Bd3 Nd7 16. Be4 Qc8 17. a4 f5 18. Bxb7 Qxb7 19. Nd2 f4 20. Rfe1 Rf5 21. Nf3 g5 22. h3 Kg7 23. Qc4 Re8 24. Rab1 h5 25. a5 Qc6 26. axb6 Nxb6 27. Qa6 Qd7 28. Ra1 g4 29. Nh4 Rf7 30. hxg4 hxg4 31. Qe2 f3 32. Qe4 Rg8 33. Qxg4+ Kf8 34. Ng6+ Ke8 35. Qh5 Rh7 36. Qg5 fxg2 37. Re3 Rh1+ 38. Kxg2 Rxa1 39. Rg3 Qf7 40. Qh5 Nd7 41. f4 Nf8 42. f5 Qxf5 0-1


[Site "https://www.chess.com"]

[Event "Titled Tuesday Blitz May 24 Late 2022"]
[White "Sailer, Mike"]
[Black "Bonte, Andrei-Mihai"]
[WhiteFideId "2012901"]
[BlackFideId "1210297"]
[WhiteElo "2109"]
[BlackElo "2192"]
[Result "1/2-1/2"]
[Round "05"]
[TimeControl "180+1"]
[Date "2022.05.25"]
[WhiteClock "0:00:06"]
[BlackClock "0:00:31"]

1. d4 d5 2. Nf3 Nf6 3. Bf4 e6 4. e3 Bd6 5. Bxd6 cxd6 6. c4 dxc4 7. Bxc4 O-O 8. O-O b6 9. Nc3 Bb7 10. Rc1 a6 11. a3 b5 12. Ba2 Nbd7 13. Bb1 Nb6 14. Nd2 Rc8 15. e4 e5 16. dxe5 dxe5 17. Ba2 Qe7 18. Qe2 b4 19. axb4 Qxb4 20. Ndb1 Rfd8 21. f3 Nc4 22. Bxc4 Qxc4 23. Qxc4 Rxc4 24. Kf2 Bc8 25. Ke2 Be6 26. Rfd1 Rb8 27. Rd2 Rcb4 28. Nd1 a5 29. Nbc3 h5 30. Nd5 Nxd5 31. exd5 Bd7 32. Rc7 R8b7 33. Rxb7 Rxb7 34. Nc3 Kf8 35. Ne4 Rb5 36. Nd6 Rc5 37. Nb7 Rb5 38. Nd6 Rb6 39. Nc4 Bb5 40. b3 Ra6 41. Ke3 a4 42. Nxe5 axb3 43. d6 Ra2 44. d7 Rxd2 45. Kxd2 Ke7 46. Kc3 Ba4 47. Nc4 Bxd7 48. Kxb3 Be6 49. Kc3 Bxc4 50. Kxc4 Ke6 51. Kd4 Kf5 52. Ke3 g5 53. g3 h4 54. gxh4 gxh4 55. h3 Ke5 56. f4+ Kf5 57. Kf3 f6 58. Ke3 Ke6 59. Ke4 f5+ 60. Kd4 Kd6 61. Kc4 Kc6 62. Kd4 Kd6 63. Kc4 Kc6 64. Kd4 Kd6 1/2-1/2


[Site "https://www.chess.com"]

[Event "Titled Tuesday Blitz May 24 Late 2022"]
[White "Santos Ruiz, Miguel"]
[Black "Nazaretyan, Tigran"]
[WhiteFideId "22291482"]
[BlackFideId "24162345"]
[WhiteElo "2486"]
[BlackElo "2225"]
[Result "1-0"]
[Round "05"]
[TimeControl "180+1"]
[Date "2022.05.24"]
[WhiteClock "0:00:38"]
[BlackClock "0:00:12"]

1. e4 c5 2. Nf3 Nc6 3. d4 cxd4 4. c3 Nf6 5. cxd4 d5 6. e5 Ne4 7. Be2 Bf5 8. O-O e6 9. Qb3 Qb6 10. Be3 h6 11. Rc1 Be7 12. Ne1 Nxd4 13. Qa4+ Qc6 14. Rxc6 Nxc6 15. Ba6 O-O 16. Bxb7 Nxe5 17. Bxa8 Rxa8 18. Nc3 Nc5 19. Bxc5 Bxc5 20. Nf3 Nd3 21. Nd4 Bg6 22. Rd1 Nxb2 23. Qc6 Rb8 24. Qxc5 Nxd1 25. Nxd1 Rb1 26. h4 Rxd1+ 27. Kh2 a6 28. a4 Kh7 29. f3 h5 30. Nc6 Ra1 31. a5 Ra4 32. Kg3 Rc4 33. Qb6 Bd3 34. Ne5 Rc3 35. Nxd3 Rxd3 36. Qb1 f5 37. Qxd3 Kg6 38. Qxa6 Kf6 39. f4 g6 40. Kf3 d4 41. Ke2 g5 42. hxg5+ Ke7 43. Kd3 h4 44. Kxd4 h3 45. gxh3 e5+ 46. Kxe5 1-0


[Site "https://www.chess.com"]

[Event "Titled Tuesday Blitz May 24 Late 2022"]
[White "Sargsyan, Anna M."]
[Black "De Souza, Regis Gabetta"]
[WhiteFideId "13308130"]
[BlackFideId "22756930"]
[WhiteElo "2271"]
[BlackElo "1926"]
[Result "1-0"]
[Round "05"]
[TimeControl "180+1"]
[Date "2022.05.24"]
[WhiteClock "0:00:17"]
[BlackClock "0:00:12"]

1. d4 d5 2. c4 c6 3. Nf3 Nf6 4. Nc3 g6 5. cxd5 cxd5 6. Bf4 Bg7 7. e3 O-O 8. Be2 Nc6 9. O-O h6 10. Rc1 Nh5 11. Bg3 Nxg3 12. hxg3 Bg4 13. Qb3 e6 14. Qxb7 Na5 15. Qa6 Rb8 16. b3 Re8 17. Na4 Nb7 18. Qxa7 Nd6 19. Qc7 Ne4 20. Qxd8 Rexd8 21. Rc7 Bf8 22. Rfc1 Ba3 23. R1c2 Bd6 24. R7c6 g5 25. Ne5 Bf5 26. g4 Bh7 27. Bd3 Bxe5 28. dxe5 d4 29. exd4 Rxd4 30. Rc8+ Rxc8 31. Rxc8+ Kg7 32. Bxe4 Bxe4 33. f3 Bd5 34. Rc2 Rd1+ 35. Kf2 Ra1 36. Nc3 Bc6 37. b4 Bb7 38. b5 f5 39. exf6+ Kxf6 40. a4 Ke5 41. Ra2 Rc1 42. Ne2 Rc5 43. Ra3 Bc8 44. Rc3 Kd5 45. Ke3 Bb7 46. Kd3 e5 47. Rxc5+ Kxc5 48. Nc3 Kb4 49. Ne4 Kxa4 50. Nc5+ Kxb5 51. Nxb7 1-0


[Site "https://www.chess.com"]

[Event "Titled Tuesday Blitz May 24 Late 2022"]
[White "Seletsky, Grigory"]
[Black "Zherebtsova, Alexandra"]
[WhiteFideId "14112191"]
[BlackFideId "24129518"]
[WhiteElo "2492"]
[BlackElo "2025"]
[Result "1-0"]
[Round "05"]
[TimeControl "180+1"]
[Date "2022.05.25"]
[WhiteClock "0:00:06"]
[BlackClock "0:00:04"]

1. e4 e5 2. Nf3 Nc6 3. Bc4 Nf6 4. d3 h6 5. O-O d6 6. c3 g6 7. Re1 Bg7 8. Nbd2 O-O 9. a4 Qe7 10. Nf1 Nd8 11. d4 Nh5 12. Ng3 Nf4 13. Ne2 Nde6 14. Nxf4 Nxf4 15. Bxf4 exf4 16. e5 Bf5 17. exd6 Qxd6 18. Ne5 c6 19. Qb3 Qc7 20. Re2 Bxe5 21. Rxe5 Rae8 22. Rae1 Rxe5 23. Rxe5 f3 24. gxf3 Kg7 25. Qd1 Rd8 26. Qe2 Rd7 27. Qe3 Qd6 28. f4 Qf6 29. a5 Qh4 30. Qg3 Qh3 31. Qxh3 Bxh3 32. b4 Bf5 33. f3 b6 34. Kf2 f6 35. Re8 bxa5 36. bxa5 Rb7 37. Ra8 h5 38. h4 Rb2+ 39. Kg3 Rc2 40. Rxa7+ Kh6 41. Bg8 g5 42. fxg5+ fxg5 43. c4 gxh4+ 44. Kxh4 Rg2 45. Rc7 Rxg8 46. Rxc6+ Bg6 47. a6 Ra8 48. d5 Kg7 49. Kg5 Be8 50. Rb6 Rc8 51. a7 Ra8 52. Rb7+ Bf7 53. c5 Rd8 54. d6 Kg8 55. c6 Bd5 56. Rc7 Kf8 57. d7 Ke7 58. Kxh5 Kd6 59. Rc8 Ke7 60. Rxd8 Kxd8 61. a8=Q+ 1-0


[Site "https://www.chess.com"]

[Event "Titled Tuesday Blitz May 24 Late 2022"]
[White "Shimanov, Aleksandr"]
[Black "Karttunen, Mika"]
[WhiteFideId "4198603"]
[BlackFideId "502081"]
[WhiteElo "2605"]
[BlackElo "2343"]
[Result "1/2-1/2"]
[Round "05"]
[TimeControl "180+1"]
[Date "2022.05.24"]
[WhiteClock "0:00:02"]
[BlackClock "0:00:09"]

1. e4 e5 2. Nf3 Nc6 3. Nc3 Nf6 4. h3 d6 5. Bc4 Be7 6. a4 O-O 7. d3 Be6 8. O-O h6 9. Re1 Nh7 10. Nd5 Nb8 11. a5 c6 12. Nc3 Nd7 13. Bxe6 fxe6 14. d4 Bf6 15. Be3 exd4 16. Nxd4 Qe7 17. Qd2 Ne5 18. Qe2 c5 19. Nb3 Nc6 20. Rad1 Bxc3 21. bxc3 e5 22. a6 b6 23. Nd2 Na5 24. Nb1 Nf6 25. f3 Ne8 26. Rd2 Nc7 27. Red1 Rad8 28. Na3 Qe6 29. Bf2 Rd7 30. Bh4 g5 31. Bg3 Rfd8 32. h4 Kg7 33. hxg5 hxg5 34. Qe3 Kg6 35. Kf2 Nxa6 36. Rh1 Nc7 37. Rdd1 Qf6 38. Rh2 Rh8 39. Rdh1 Rxh2 40. Rxh2 b5 41. Qd3 a6 42. Qd1 Rh7 43. Rxh7 Kxh7 44. Qh1+ Kg6 45. Qh3 Ne6 46. Nb1 Nc4 47. Ke2 a5 48. Qh1 a4 49. Qd1 a3 50. Nxa3 Nxa3 51. Qd5 Nc4 52. Qb7 Nf4+ 53. Kf2 Na3 54. Qa8 Nxc2 55. Qg8+ Qg7 56. Qc8 Qf7 57. Bh2 b4 58. Kg1 bxc3 59. Qg4 Nd4 60. Bg3 Nde2+ 61. Kh2 Qh7+ 62. Bh4 Qxh4+ 63. Qxh4 gxh4 64. g4 c2 65. g5 c1=Q 1/2-1/2


[Site "https://www.chess.com"]

[Event "Titled Tuesday Blitz May 24 Late 2022"]
[White "Sirosh, Ilja"]
[Black "Bryakin, Mikhail"]
[WhiteFideId "4500458"]
[BlackFideId "4165314"]
[WhiteElo "2241"]
[BlackElo "2417"]
[Result "0-1"]
[Round "05"]
[TimeControl "180+1"]
[Date "2022.05.24"]
[WhiteClock "0:00:04"]
[BlackClock "0:00:11"]

1. e4 Nf6 2. e5 Nd5 3. d4 d6 4. Nf3 Bg4 5. Be2 e6 6. O-O Be7 7. c4 Nb6 8. h3 Bh5 9. Nc3 O-O 10. exd6 cxd6 11. b3 Bg6 12. Be3 Bf6 13. Qd2 Nc6 14. Rac1 Ne7 15. d5 exd5 16. Bxb6 Qxb6 17. Nxd5 Nxd5 18. Qxd5 Qc5 19. Rfd1 Rfe8 20. Bd3 Qxd5 21. cxd5 Bxd3 22. Rxd3 Rac8 23. Rdd1 h5 24. Kf1 Kf8 25. g3 Bb2 26. Rxc8 Rxc8 27. Ke2 g6 28. Nd2 b5 29. Ne4 Ke7 30. Kd3 f5 31. Ng5 Kd7 32. Re1 Bf6 33. h4 Rc5 34. Re2 Rxd5+ 35. Kc2 Rc5+ 36. Kd3 Rd5+ 37. Kc2 Bxg5 38. hxg5 Re5 39. Rd2 b4 40. Kd1 a5 41. Rd4 Kc6 42. Rc4+ Rc5 43. Rf4 Kd5 44. Kd2 Rc3 45. Kd1 Ke5 46. Kd2 d5 47. Kd1 d4 48. Kd2 Rc8 49. Rf3 Ke4 50. Rf4+ Kd5 51. Rf3 Rc3 52. Rf4 a4 53. bxa4 Ra3 54. Kc2 Rxa4 55. Kb3 Ra3+ 56. Kb2 Rc3 57. Kb1 Kc4 58. Kb2 Kd3 59. Rf3+ Ke2 60. Rf4 d3 61. Rxb4 d2 62. Kxc3 d1=Q 63. Rb2+ Kf3 64. a3 Qc1+ 65. Kb3 Qxg5 66. a4 Qc1 67. a5 Qc5 68. Ra2 Qb5+ 69. Kc3 Qc5+ 70. Kb3 Qd5+ 71. Ka3 Qxa5+ 0-1


[Site "https://www.chess.com"]

[Event "Titled Tuesday Blitz May 24 Late 2022"]
[White "Sjugirov, Sanan"]
[Black "Suder, Jakub"]
[WhiteFideId "4189302"]
[BlackFideId "1195310"]
[WhiteElo "2602"]
[BlackElo "2058"]
[Result "1-0"]
[Round "05"]
[TimeControl "180+1"]
[Date "2022.05.24"]
[WhiteClock "0:02:05"]
[BlackClock "0:01:05"]

1. d4 d5 2. c4 e6 3. Nc3 a6 4. cxd5 exd5 5. Nf3 Nf6 6. Bg5 Be6 7. e3 Nbd7 8. Bd3 Bd6 9. O-O c6 10. Bf4 Qb8 11. Qd2 O-O 12. h3 Re8 13. a4 b6 14. a5 b5 15. b4 Rc8 16. Ne2 Ne8 17. Rac1 Nf8 18. Rfe1 Qb7 19. Bb1 Qe7 20. Bxd6 Nxd6 21. Nf4 Nc4 22. Qc3 Rab8 23. Nd3 Nd7 24. Nc5 Nxc5 25. dxc5 Bd7 26. e4 dxe4 27. Bxe4 Be6 28. Bf5 Re8 29. Bxe6 fxe6 30. Ne5 Nxe5 31. Rxe5 Rbd8 32. Rce1 Qf7 33. Qe3 Kf8 34. Rxe6 Rxe6 35. Qxe6 Qxe6 36. Rxe6 Rd1+ 37. Kh2 Rd4 38. Rxc6 Rxb4 39. Rxa6 Rc4 40. c6 b4 41. Rb6 b3 42. Rxb3 Rxc6 43. Ra3 1-0


[Site "https://www.chess.com"]

[Event "Titled Tuesday Blitz May 24 Late 2022"]
[White "Skliarov, Viktor"]
[Black "Garagulya, Konstantin"]
[WhiteFideId "14106736"]
[BlackFideId "4128931"]
[WhiteElo "2229"]
[BlackElo "2329"]
[Result "1-0"]
[Round "05"]
[TimeControl "180+1"]
[Date "2022.05.25"]
[WhiteClock "0:00:10"]
[BlackClock "0:00:18"]

1. e4 c5 2. Nf3 a6 3. c3 d5 4. exd5 Qxd5 5. Na3 Nf6 6. Nc4 Nbd7 7. a4 b6 8. a5 b5 9. Ne3 Qc6 10. d4 Bb7 11. Be2 e6 12. O-O Be7 13. Ne5 Qc7 14. Nxd7 Qxd7 15. dxc5 Bxc5 16. c4 b4 17. b3 O-O 18. Qxd7 Nxd7 19. Bb2 Rfd8 20. Rfd1 Nf6 21. Kf1 Kf8 22. Rxd8+ Rxd8 23. Rd1 Rxd1+ 24. Bxd1 Ne4 25. Bc2 Nc3 26. Nd1 Nxd1 27. Bxd1 f6 28. f3 e5 29. Bc2 h6 30. Bg6 Bd6 31. h3 Bc7 32. Bc1 Bxa5 33. Be3 Bd8 34. Bc5+ Be7 35. Bb6 Bc6 36. Ke2 Bd6 37. Kd3 Ke7 38. Be4 Kd7 39. Bxc6+ Kxc6 40. Bd8 f5 41. g4 g6 42. Bf6 h5 43. Bg7 Kd7 44. gxh5 gxh5 45. Bf6 Ke6 46. Bd8 Bc5 47. Bc7 Bd6 48. Bd8 Kf7 49. Bb6 Ke7 50. c5 Bb8 51. Kc4 Ke6 52. Kxb4 e4 53. fxe4 fxe4 54. Kc4 Kf5 55. c6 Kf4 56. c7 Bxc7 57. Bxc7+ Kf3 58. Bb6 e3 59. Kd3 e2 60. Ba5 Kg3 61. Kxe2 Kxh3 62. Kf1 Kg4 63. Kg2 Kf4 64. Kh3 Ke4 65. Kh4 Kd3 66. Kxh5 Kc2 67. b4 Kb3 68. Kg4 Ka4 69. Kf3 1-0


[Site "https://www.chess.com"]

[Event "Titled Tuesday Blitz May 24 Late 2022"]
[White "Stanisz, Patryk"]
[Black "D`Arruda, Ricardo D."]
[WhiteFideId "1123106"]
[BlackFideId "100692"]
[WhiteElo "1833"]
[BlackElo "2485"]
[Result "0-1"]
[Round "05"]
[TimeControl "180+1"]
[Date "2022.05.25"]
[WhiteClock "0:00:02"]
[BlackClock "0:00:45"]

1. d4 d6 2. c4 g6 3. Nc3 Bg7 4. e4 e5 5. d5 Ne7 6. g4 h5 7. g5 Na6 8. h4 Nc5 9. Be3 a5 10. Qd2 O-O 11. Nge2 Bd7 12. Ng3 c6 13. Be2 cxd5 14. cxd5 Rb8 15. a4 Nb3 16. Qd1 Nxa1 17. Qxa1 f6 18. gxf6 Bxf6 19. Qa3 Qc7 20. Rg1 Kh7 21. Qb3 b6 22. Qd1 Be8 23. Bc1 Bxh4 24. Bxh5 Bxg3 25. Rxg3 gxh5 26. Nb5 Qd7 27. Qd2 Rf4 28. Qe2 Rh4 29. Qe3 Rh1+ 30. Ke2 Rxc1 31. Qxc1 Bg6 32. Qg5 Rg8 33. Qf6 Nc8 34. Rg5 Qf7 35. Qe6 Qxe6 36. dxe6 Be8 37. Rxg8 Bxb5+ 0-1


[Site "https://www.chess.com"]

[Event "Titled Tuesday Blitz May 24 Late 2022"]
[White "Steinberg, Nitzan"]
[Black "Maltsevskaya, Aleksandra"]
[WhiteFideId "2801795"]
[BlackFideId "24174041"]
[WhiteElo "2471"]
[BlackElo "2235"]
[Result "1-0"]
[Round "05"]
[TimeControl "180+1"]
[Date "2022.05.24"]
[WhiteClock "0:00:58"]
[BlackClock "0:00:09"]

1. Nf3 d5 2. d4 c5 3. dxc5 Nc6 4. c3 e5 5. b4 a6 6. e3 Nf6 7. Be2 Bg4 8. h3 Bh5 9. g4 Bg6 10. Bb2 h5 11. g5 Ne4 12. h4 Be7 13. Nbd2 O-O 14. Nxe4 dxe4 15. Nd2 a5 16. a3 b6 17. b5 Na7 18. c6 Bc5 19. c4 a4 20. Bxh5 Bh7 21. Bxe5 Qe7 22. Bb2 Rad8 23. Qe2 Rd3 24. O-O Rfd8 25. Nb1 Bd6 26. Bd4 Bc7 27. Kg2 Bf5 28. Bg4 Qe6 29. Bxf5 Qxf5 30. f3 R8xd4 31. exd4 Qf4 32. Kg1 exf3 33. Qf2 Qg4+ 34. Kh1 Qh3+ 35. Kg1 1-0


[Site "https://www.chess.com"]

[Event "Titled Tuesday Blitz May 24 Late 2022"]
[White "Stojanovski, Sandi"]
[Black "Krishnan, Varun"]
[WhiteFideId "1403249"]
[BlackFideId "5054508"]
[WhiteElo "2334"]
[BlackElo "2541"]
[Result "1-0"]
[Round "05"]
[TimeControl "180+1"]
[Date "2022.05.25"]
[WhiteClock "0:00:01"]
[BlackClock "0:00:06"]

1. d3 e5 2. Nf3 Nc6 3. g3 d5 4. Bg2 Nf6 5. O-O Be7 6. Bg5 O-O 7. Nc3 Be6 8. e4 d4 9. Bxf6 Bxf6 10. Nd5 Bxd5 11. exd5 Qxd5 12. Re1 Qd6 13. Nd2 Rfe8 14. Ne4 Qe7 15. Qf3 a5 16. Nxf6+ Qxf6 17. Qd5 a4 18. a3 Ra5 19. Qd7 Qe6 20. Qxc7 Rb5 21. Bxc6 bxc6 22. Rab1 h5 23. h4 g5 24. hxg5 h4 25. Kg2 h3+ 26. Kh2 Qf5 27. f4 Rc8 28. Qd6 exf4 29. Qxf4 Qg6 30. Re5 Rcb8 31. Rbe1 Rxb2 32. Re8+ Rxe8 33. Rxe8+ Kg7 34. Re2 Rb5 35. Qxd4+ Kh7 36. Qh4+ Kg7 37. Qd4+ Kh7 38. Qh4+ Kg7 39. Re8 f6 40. Qh8+ Kf7 41. Qf8# 1-0


[Site "https://www.chess.com"]

[Event "Titled Tuesday Blitz May 24 Late 2022"]
[White "Svane, Rasmus"]
[Black "Barp, Alberto"]
[WhiteFideId "4657101"]
[BlackFideId "872555"]
[WhiteElo "2674"]
[BlackElo "2229"]
[Result "1-0"]
[Round "05"]
[TimeControl "180+1"]
[Date "2022.05.24"]
[WhiteClock "0:00:18"]
[BlackClock "0:00:05"]

1. Nf3 Nf6 2. g3 c5 3. c4 Nc6 4. Nc3 g6 5. d4 cxd4 6. Nxd4 d6 7. Bg2 Bd7 8. b3 Bg7 9. Bb2 O-O 10. O-O Nxd4 11. Qxd4 Bc6 12. Rad1 Ne4 13. Qe3 Nxc3 14. Bxc3 Bxg2 15. Kxg2 Bxc3 16. Qxc3 Qc7 17. Qe3 Qc6+ 18. Kg1 Rfe8 19. a4 a6 20. Rd5 Rad8 21. Rfd1 Qc7 22. h4 h5 23. g4 hxg4 24. h5 e5 25. Qg5 Re6 26. c5 Kh7 27. Qxg4 Qe7 28. Kf1 gxh5 29. Qxh5+ Rh6 30. Qf5+ Kg8 31. R1d3 Rh1+ 32. Kg2 Qh4 33. Rg3+ Kf8 34. Rxd6 Rh2+ 35. Kf3 e4+ 36. Ke3 Rxd6 37. cxd6 Qh6+ 38. Kxe4 Qxd6 39. Qc8+ Ke7 40. Qxb7+ Kf6 41. Rf3+ Kg5 42. Qd5+ Qxd5+ 43. Kxd5 f5 44. Kc5 Rh1 45. Kb6 Re1 46. e3 Rb1 47. Kxa6 Rxb3 48. Rf4 Rb2 49. a5 Kf6 50. Ka7 Ke5 51. a6 1-0


[Site "https://www.chess.com"]